 Dungeon Crawl Stone Soup version 0.31.0-9-g3a7656b989 (webtiles) character file.

Game seed: 14570094769989142971

91 qw the Shooter (level 4, -3/25 HPs)
             Began as a Deep Elf Hunter on Feb 2, 2024.
             Slain by a gnoll
             ... wielding a +0 whip
              (5 damage)
             ... on level 3 of the Dungeon.
             The game lasted 00:00:06 (2042 turns).

qw the Shooter (Deep Elf Hunter)                    Turns: 2042, Time: 00:00:07

Health: -3/25      AC:  7    Str:  7 (10) XL:     4   Next: 33%
Magic:  6/6        EV: 10    Int: 11 (14) God:
Gold:   75         SH:  0    Dex: 16 (18) Spells: 3/3 levels left

rFire   . . .        a - +1 shortbow
rCold   . . .        (shield currently unavailable)
rNeg    . . .        f - +0 ring mail
rPois   .            b - +0 helmet
rElec   .            (no cloak)
rCorr   .            (no gloves)
SInv    .            h - +0 pair of boots
Will    .....        (no amulet)
Stlth   +            (no ring)
HPRegen 0.24/turn    (no ring)
MPRegen 0.10/turn

%: no passive effects
@: no status effects
A: no striking features
a: no special abilities


You were on level 3 of the Dungeon.
You visited 1 branch of the dungeon, and saw 3 of its levels.

You collected 75 gold pieces.


   Skills:
 - Level 1.5 Fighting
 + Level 7.7 Ranged Weapons
 - Level 2.4 Dodging
 - Level 1.2 Stealth


You had 3 spell levels left.
You didn't know any spells.
Your spell library was empty.

Inventory:

Hand Weapons
 a - a +1 shortbow (weapon)
Armour
 b - a +0 helmet (worn)
 f - a +0 ring mail (worn)
 h - a +0 pair of boots (worn)
Jewellery
 i - a ring of fire
Potions
 d - a potion of mutation {unknown}
 g - a potion of curing {unknown}
 m - a potion of brilliance {unknown}
 o - a potion of heal wounds {unknown}

Dungeon Overview and Level Annotations

Branches:
Dungeon (3/15)

Altars:


Message History

The giant cockroach is severely wounded.
The giant cockroach bites you but does no damage.
2027 ||| STAIRDANCE The giant cockroach barely misses you.
The giant cockroach bites you but does no damage.
You climb upwards.
There is a stone staircase leading down here.
You shoot an arrow.
The arrow closely misses the giant cockroach.
The giant cockroach bites you but does no damage.
You shoot an arrow. The arrow hits the giant cockroach!
You kill the giant cockroach!
You start resting.
HP restored.
You climb downwards.
The gnoll shouts!
The gnoll hits you but does no damage. The gnoll hits you with a +0 whip. x2
There is a stone staircase leading up here.
You shoot an arrow. The arrow closely misses the gnoll.
The gnoll closely misses you. The gnoll barely misses you.
The gnoll closely misses you.
You shoot an arrow. The arrow completely misses the gnoll.
The gnoll hits you but does no damage. x4
You shoot an arrow. The arrow closely misses the gnoll.
The gnoll hits you with a +0 whip. The gnoll closely misses you.
The gnoll hits you but does no damage. The gnoll closely misses you.
You shoot an arrow. The arrow hits the gnoll.
The gnoll is lightly wounded.
The gnoll barely misses you. x2; The gnoll hits you with a +0 whip. x2
You shoot an arrow. The arrow barely misses the gnoll.
The gnoll hits you with a +0 club. The gnoll completely misses you.
The gnoll closely misses you.
You shoot an arrow. The arrow hits the gnoll.
The gnoll is moderately wounded.
The gnoll hits you but does no damage. The gnoll hits you with a +0 whip.
The gnoll hits you but does no damage. The gnoll hits you with a +0 club.
You shoot an arrow. The arrow hits the gnoll.
The gnoll is heavily wounded.
The gnoll hits you with a +0 whip.
You die...

.~.~.~.......
gg~.~..~~.~##
~~o~~~~~~~~~
~~~~~~~~~~~
~.~...?.#
....~#
#####...#
#..g@g.#
#.#.#g..#
#.#..#..).
#.#..# ...!
#.#..# ...
..#..# ..
.....# .
######


You could see 3 gnolls.

Vanquished Creatures
  4 gnolls
  2 dart slugs
  A ribbon worm (D:2)
  6 orcs
  2 ball pythons (D:1)
  4 bats
  3 endoplasms
  4 giant cockroaches
  3 goblins
  3 hobgoblins (D:1)
  3 kobolds
  A quokka (D:1)
  2 frilled lizards (D:2)
  2 rats
40 creatures vanquished.

Notes
Turn   | Place    | Note
-------+----------+-------------------------------------------
     0 | D:1      | qw the Deep Elf Hunter began the quest for the Orb.
     0 | D:1      | Reached XP level 1. HP: 12/12 MP: 3/3
     0 | D:1      | 0 ||| qw: Version: 0.3-a-155-g5e7d8dd
     0 | D:1      | 0 ||| qw: Game counter: 779
     0 | D:1      | 0 ||| qw: Melee chars always use a shield: true
     0 | D:1      | 0 ||| qw: God list: Okawaru
     0 | D:1      | 0 ||| qw: Allow faded altars: false
     0 | D:1      | 0 ||| qw: Do Orc after clearing Dungeon:15 true
     0 | D:1      | 0 ||| qw: Do second Lair branch before Depths: true
     0 | D:1      | 0 ||| qw: Lair rune preference: random
     0 | D:1      | 0 ||| qw: Goals: Normal
     0 | D:1      | 0 ||| PLANNING D:1-11
   143 | D:1      | Reached XP level 2. HP: 16/16 MP: 4/4
   147 | D:1      | Reached skill level 6 in Ranged Weapons
   336 | D:1      | 336 ||| DROPPING +0 sling of electrocution.
   472 | D:1      | Reached XP level 3. HP: 20/20 MP: 5/5
   585 | D:1      | 585 ||| UPGRADING to +0 pair of boots.
   590 | D:1      | 590 ||| READING scroll labelled BAUN OSCHYU.
   591 | D:1      | 591 ||| READING scroll labelled XOXZUE DIJEUM.
   596 | D:1      | 596 ||| READING scroll labelled KUYHOU COME.
   597 | D:1      | 597 ||| DROPPING scroll of butterflies.
   913 | D:2      | Reached skill level 7 in Ranged Weapons
   919 | D:2      | HP: 4/20 [gnoll/+0 spear (7)]
   920 | D:2      | 920 ||| READING scroll of teleportation.
   922 | D:2      | Reached XP level 4. HP: 6/25 MP: 6/6
  1757 | D:2      | 1757 ||| UPGRADING to +0 helmet.
  1762 | D:2      | 1762 ||| UPGRADING to +0 ring mail.
  1772 | D:2      | 1772 ||| DROPPING +0 leather armour.
  1773 | D:2      | 1773 ||| READING scroll labelled KEQUNW NEAVEUBB.
  1774 | D:2      | 1774 ||| READING scroll labelled GEAPOF TISH.
  1775 | D:2      | 1775 ||| READING scroll labelled JOR JOSAQ.
  1876 | D:2      | 1876 ||| READING scroll labelled WITOYXT BITTESM.
  1876 | D:2      | 1876 ||| ENCHANTING +0 shortbow.
  1877 | D:2      | 1877 ||| DRINKING 2 murky blue potions.
  1878 | D:2      | 1878 ||| DROPPING potion of degeneration.
  1911 | D:3      | 1911 ||| RETREEEEATING.
  1914 | D:3      | 1914 ||| STAIRDANCE
  1923 | D:3      | 1923 ||| STAIRDANCE
  1933 | D:3      | 1933 ||| STAIRDANCE
  1938 | D:3      | 1938 ||| STAIRDANCE
  1946 | D:2      | HP: 6/25 [frozen (4)]
  2027 | D:3      | 2027 ||| STAIRDANCE
  2040 | D:3      | HP: 5/25 [gnoll/+0 club (6)]
  2041 | D:3      | HP: 2/25 [gnoll/+0 club (2)]
  2042 | D:3      | Slain by a gnoll

Levels and vault maps discovered:
D:1:      dreamdust_arrival_beginning_and_end, layout_loops_ring,
          nicolae_grassy_gnolls
D:2:      layout_basic, bh_walls_and_bars
D:3:      layout_loops_ring, chequers_serial_rivers_small_3,
          grunt_decor_junction

Skill      XL: |  1  2  3 |
---------------+----------+-----
Ranged Weapons | 6 7 |  7.7
Fighting       | |  1.5
Dodging        | |  2.4
Stealth        | |  1.2

Action                     |  1- 3 |  4- 6 || total
---------------------------+-------+-------++-------
   Fire: Shortbow          |    60 |    53 ||   113
    Use: Scroll            |     4 |     4 ||     8
         Potion            |       |     1 ||     1
 Armour: Leather armour    |     7 |     3 ||    10
         Ring mail         |       |    36 ||    36
  Dodge: Dodged            |    12 |    29 ||    41

Table legend:
 A = Non-vault XP
 B = Vault XP
 C = Vault XP percentage of total XP
 D = Non-vault monster count
 E = Vault monster count
 F = Vault count percentage of total count
                 A         B        C        D         E       F
            +---------+---------+-------+---------+---------+-------
      Total |     115 |      15 |  11.5 |      39 |       1 |   2.5
            +---------+---------+-------+---------+---------+-------
        D:1 |      32 |      15 |  31.9 |      16 |       1 |   5.9
        D:2 |      79 |       0 |   0.0 |      21 |       0 |   0.0
        D:3 |       4 |       0 |   0.0 |       2 |       0 |   0.0
            +---------+---------+-------+---------+---------+-------
